 Dungeon Crawl Stone Soup version 0.30-a0-779-g7971cf19c3 (webtiles) character file.

Game seed: 13106282942568238849

3084 Ceno the Skirmisher (level 9, -4/68 HPs)
             Began as a Barachi Hexslinger on Feb 17, 2023.
             Was a Believer of Dithmenos.
             Slain by a wight
             ... wielding a +4 short sword
              (8 damage)
             ... on level 6 of the Dungeon.
             The game lasted 00:41:10 (9575 turns).

Ceno the Skirmisher (Barachi Hexslinger)            Turns: 9575, Time: 00:41:11

Health: -4/68      AC:  9    Str: 12    XL:     9   Next: 89%
Magic:  11/15      EV: 12    Int: 13    God:    Dithmenos [**....]
Gold:   321        SH:  0    Dex: 17    Spells: 5/16 levels left

rFire   . . .      SeeInvis .    a - +0 shortbow
rCold   + + .      Faith    .    (shield currently unavailable)
rNeg    . . .      Spirit   .    B - +1 leather armour {rC+}
rPois   .          Reflect  .    (no helmet)
rElec   .          Harm     .    h - +2 cloak
rCorr   +          Rampage  .    n - +0 pair of gloves
Will    .....                    A - +0 pair of boots
Stlth   +++                      e - amulet of regeneration
HPRegen 1.11/turn                I - ring of protection from cold
MPRegen 0.14/turn                s - ring of resist corrosion

@: unable to hop, wreathed by umbra, slow
A: amphibious, slowness 1, strong legs 1, +LOS
a: Hop, Renounce Religion, Shadow Step


You were on level 6 of the Dungeon.
You worshipped Dithmenos.
Dithmenos was pleased with you.
You visited 2 branches of the dungeon, and saw 9 of its levels.

You collected 321 gold pieces.

Inventory:

Hand Weapons
 a - a +0 shortbow (weapon)
 b - a +1 dagger of venom
 C - a +0 triple crossbow
Missiles
 o - 15 poisoned darts
 u - 6 throwing nets
Armour
 c - a +0 robe
 h - a +2 cloak (worn)
 n - a +0 pair of gloves (worn)
 A - a +0 pair of boots (worn)
 B - a +1 leather armour of cold resistance (worn)
Jewellery
 e - an amulet of regeneration (around neck)
 j - a ring of positive energy
 s - a ring of resist corrosion (right hand)
 I - a ring of protection from cold (left hand)
Wands
 t - a wand of light (7)
 y - a wand of charming (20)
Scrolls
 d - a scroll of immolation {unknown}
 f - a scroll of fear {unknown}
 g - 6 scrolls of teleportation
 l - a scroll of silence {unknown}
 m - a scroll of blinking {unknown}
 q - a scroll of torment {unknown}
 r - a scroll of brand weapon {unknown}
 w - a scroll of fog {unknown}
 z - 2 scrolls of magic mapping
 H - a scroll of identify
Potions
 i - a potion of resistance
 k - a potion of flight {unknown}
 p - a potion of ambrosia
 v - a potion of attraction {unknown}
 x - a potion of berserk rage
 E - 2 potions of lignification
 F - a potion of curing {unknown}
 G - a potion of haste {unknown}


   Skills:
 + Level 5.1 Fighting
 + Level 9.2 Ranged Weapons
 - Level 2.1 Dodging
 - Level 3.0 Stealth
 - Level 4.0 Spellcasting
 + Level 6.2 Hexes
 - Level 4.0 Translocations
 - Level 4.0 Fire Magic
 + Level 1.2 Invocations


You had 5 spell levels left.
You knew the following spells:

 Your Spells              Type           Power      Damage    Failure   Level
a - Slow                  Hex            72%        N/A       1%          1
b - Inner Flame           Hex/Fire       15%        N/A       10%         3
c - Portal Projectile     Hex/Tloc       30%        N/A       10%         3
d - Cause Fear            Hex            9%         N/A       21%         4

Your spell library contained the following spells:

 Spells                   Type           Power      Damage    Failure   Level
 Apportation              Tloc           26%        N/A       4%          1
 Freeze                   Ice            8%         1d3       26%         1
 Magic Dart               Conj           8%         1d3       26%         1
 Necrotise                Necr           8%         1d4       26%         1
 Summon Small Mammal      Summ           8%         N/A       26%         1
 Call Imp                 Summ           2%         N/A       36%         2
 Searing Ray              Conj           4%         2d4       36%         2
 Fulminant Prism          Conj/Hex       5%         3d6       58%         4
 Leda's Liquefaction      Hex/Erth       5%         N/A       58%         4
 Call Canine Familiar     Summ           2%         N/A       61%         3
 Frozen Ramparts          Ice            4%         1d1       61%         3
 Hailstorm                Conj/Ice       2%         3d3       61%         3
 Mephitic Cloud           Conj/Pois/Air  2%         N/A       61%         3


Dungeon Overview and Level Annotations

Branches:
Dungeon (8/15)             Temple (1/1) D:7
   Lair: D:8-11

Altars:
Ashenzari
Cheibriados
Dithmenos
Elyvilon
Fedhas
Gozag
Hepliaklqana
Kikubaaqudgha
Makhleb
Nemelex Xobeh
Okawaru
Qazlal
Ru
Sif Muna
Trog
Uskayaw
Vehumet
Wu Jian
Xom
Yredelemnul
Zin
The Shining One
Lugonu

Shops:
D:2 (*   D:3 (   D:4 *   D:7 (

Portals:
Abyss: D:6

Annotations:
D:3 2 transporters, necrobotica's ghost, amateur MiFi
D:4 1 runed translucent door, monoptic's ghost, amateur TrBe
D:7 1 runed translucent door


Innate Abilities, Weirdness & Mutations

You are amphibious.
You cover ground slowly.
You can hop short distances.
You have an extended range of vision and can be seen from far away.


Message History

The slime creature hits you! x2
There is a stone staircase leading up here.
The slime creature barely misses you. The wight hits you but does no damage.
You climb upwards.
There is a stone staircase leading down here.
Casting: Inner Flame (dangerous; 10% risk of failure)
Confirm with . or Enter, or press ? or * to list all spells.
Aiming: Slow (safe; 1% risk of failure)
Press: ? - help, Shift-Dir - straight line, f - wight
Aim: a wight, wielding a +4 short sword and wearing a +0 robe (severely damaged, inner flame, umbra, chance to affect: 50%)
The wight resists with significant effort.
The wight barely misses you. The slime creature hits you!
* * * LOW HITPOINT WARNING * * *
Okay, then.
Okay, then.
Casting: Slow (safe; 1% risk of failure)
Confirm with . or Enter, or press ? or * to list all spells.
Aiming: Slow (safe; 1% risk of failure)
Press: ? - help, Shift-Dir - straight line, f/p - wight
Aim: a wight, wielding a +4 short sword and wearing a +0 robe (severely damaged, inner flame, umbra, chance to affect: 50%)
Okay, then.
You feel much better.
The wight hits you with a +4 short sword.
The slime creature hits you!
* * * LOW HITPOINT WARNING * * *
Fire: a) +0 shortbow
Press: ? - help, Q - select action, (/) - cycle Shift-Dir - straight line, f/p - wight
Aim: a wight, wielding a +4 short sword and wearing a +0 robe (severely damaged, inner flame, umbra, 66% to hit)
You shoot an arrow.
The arrow hits the wight but does no damage.
The wight is severely damaged.
The wight hits you but does no damage. The slime creature hits you!
* * * LOW HITPOINT WARNING * * *
Fire: a) +0 shortbow
Press: ? - help, Q - select action, (/) - cycle Shift-Dir - straight line, f/p - wight
Aim: a wight, wielding a +4 short sword and wearing a +0 robe (heavily damaged, inner flame, umbra, 66% to hit)
Okay, then.
The wight attacks as you move away!
The wight hits you with a +4 short sword!
You die...

#....#........##'##...)..#..#..
#....'...##'####..#.....>######
#....#####.....#..#......#.....
#..............####......#.....
#..............#..#......#.....
#..............'..+......'.....
###'#..........#..#......#.....
#...#........z.####......#.##).
#...#########J@....##########'#
#...........#..[...# #...
#...........'^.....# #...
#############......# ####
########


You could see a slime creature and a wight (inner flame).

Vanquished Creatures
  Pikel (D:3)
  A kobold demonologist (D:7)
  Edmund (D:4)
  Duvessa (D:7)
  An orc warrior (D:7)
  A black bear (D:7)
  2 sky beasts
  An ice beast (D:6)
  A centaur (D:7)
  2 ogres
  4 lemures
  2 kobold brigands (D:6)
  A phantom (D:5)
  A gnoll sergeant (D:5)
  A necrophage (D:2)
  A scorpion (D:5)
  3 wights
  Dowan (D:7)
  A howler monkey (D:6)
  3 hounds
  A jelly (D:6)
  2 orc priests
  A gnoll bouda (D:5)
  6 orc wizards
  6 iguanas
  8 gnolls (D:5)
  4 adders
  2 shadow imps (D:6)
  2 white imps (D:5)
  2 dart slugs
  25 orcs
  7 ball pythons
  2 endoplasms
  7 giant cockroaches
  7 hobgoblins
  3 jackals (D:1)
  8 quokkas
  10 bats
  3 frilled lizards
  9 goblins
  19 kobolds
  2 rats (D:1)
166 creatures vanquished.

Vanquished Creatures (others)
  12 plants
12 creatures vanquished.

Grand Total: 178 creatures vanquished

Notes
Turn   | Place    | Note
-------+----------+-------------------------------------------
     0 | D:1      | Ceno the Barachi Hexslinger began the quest for the Orb.
     0 | D:1      | Reached XP level 1. HP: 15/15 MP: 2/2
   304 | D:1      | Reached XP level 2. HP: 15/21 MP: 4/4
  1040 | D:1      | Reached XP level 3. HP: 26/26 MP: 5/5
  1049 | D:1      | Learned a level 3 spell: Inner Flame
  1143 | D:2      | Found Obuag's Weapon Shop.
  1184 | D:2      | Noticed a necrophage
  1463 | D:2      | Found Bouhypuv's Assorted Antiques.
  1687 | D:3      | Found a faded altar of an unknown god.
  1877 | D:3      | Found Xoaps's Weapon Shop.
  1940 | D:3      | Reached XP level 4. HP: 32/32 MP: 7/7
  1944 | D:3      | Learned a level 3 spell: Portal Projectile
  1963 | D:3      | Found an iron altar of Okawaru.
  2224 | D:4      | Found Gozag's Platinum Reserve.
  2224 | D:4      | Found an opulent altar of Gozag.
  2239 | D:4      | Noticed Edmund
  2303 | D:4      | Noticed a lemure
  2303 | D:4      | Noticed a lemure
  2303 | D:4      | Noticed a lemure
  2303 | D:4      | Noticed a lemure
  2304 | D:4      | Noticed Pikel
  2564 | D:3      | Reached skill level 3 in Ranged Weapons
  2564 | D:3      | Reached XP level 5. HP: 33/37 MP: 4/8
  2933 | D:1      | Killed a lemure
  2985 | D:3      | Reached skill level 5 in Hexes
  3030 | D:3      | Killed a lemure
  3259 | D:3      | Killed a lemure
  3352 | D:3      | Killed a lemure
  3480 | D:4      | Killed Edmund
  3481 | D:4      | Reached skill level 4 in Ranged Weapons
  3481 | D:4      | Reached XP level 6. HP: 43/43 MP: 9/11
  3486 | D:4      | Noticed an air elemental
  3494 | D:4      | Found a stormy altar of Qazlal.
  3519 | D:4      | Noticed a fire elemental
  3519 | D:4      | Noticed a water elemental
  3879 | D:3      | Killed Pikel
  3880 | D:3      | Reached skill level 6 in Ranged Weapons
  3880 | D:3      | Reached XP level 7. HP: 48/48 MP: 10/13
  3921 | D:4      | Reached skill level 7 in Ranged Weapons
  4133 | D:3      | Reached skill level 1 in Fire Magic
  4133 | D:3      | Reached XP level 8. HP: 37/54 MP: 14/14
  4189 | D:4      | Found a glowing silver altar of Zin.
  4189 | D:4      | Found a shadowy altar of Dithmenos.
  4219 | D:4      | Found a radiant altar of Vehumet.
  4227 | D:4      | Found a runed translucent door.
  4234 | D:4      | Became a worshipper of Dithmenos the Shadowed
  4246 | D:4      | Noticed monoptic's ghost (amateur TrBe)
  4598 | D:4      | Found a shimmering altar of Xom.
  4768 | D:5      | Entered Level 5 of the Dungeon
  4874 | D:5      | Noticed a +0 spear
  4874 | D:5      | Noticed a +0 short sword
  4874 | D:5      | Noticed a +0 dagger
  4874 | D:5      | Noticed a +0 short sword
  4874 | D:5      | Noticed a +0 spear
  4874 | D:5      | Noticed a +0 dagger
  4874 | D:5      | Noticed a +0 falchion
  4909 | D:5      | Found a snail-covered altar of Cheibriados.
  4950 | D:5      | Reached skill level 1 in Stealth
  5070 | D:5      | Reached skill level 1 in Translocations
  5094 | D:5      | Found a hide-covered altar of Uskayaw.
  5094 | D:5      | Noticed a +0 falchion
  5418 | D:5      | Reached * piety under Dithmenos
  5498 | D:5      | Found a shimmering blue altar of Sif Muna.
  6379 | D:3      | Found a transporter.
  6381 | D:3      | Identified the +6 halberd of Debeuwy {venom, rC+ Int+3}
  6421 | D:3      | Noticed necrobotica's ghost (amateur MiFi)
  6434 | D:3      | Found a transporter.
  6581 | D:2      | Reached skill level 8 in Ranged Weapons
  7007 | D:6      | Reached XP level 9. HP: 61/61 MP: 11/15
  7390 | D:6      | Found a large runed translucent door.
  7391 | D:6      | Found a large runed translucent door.
  7539 | D:6      | Found a sparkling altar of Nemelex Xobeh.
  7569 | D:6      | Found a one-way gate to the infinite horrors of the Abyss.
  7570 | D:6      | Found a corrupted altar of Lugonu.
  8104 | D:7      | Upgraded the game from 0.30-a0-778-g2ef04afb54 to
                  | 0.30-a0-779-g7971cf19c3
  8182 | D:7      | Noticed Duvessa
  8182 | D:7      | Noticed Dowan
  8358 | D:7      | Found a runed translucent door.
  8358 | D:7      | Noticed a sixfirhy
  8365 | D:7      | Found a staircase to the Ecumenical Temple.
  8377 | Temple   | Entered the Ecumenical Temple
  8441 | Temple   | Learned a level 4 spell: Cause Fear
  8479 | D:7      | Killed Duvessa
  8479 | D:7      | Killed Dowan
  8653 | D:7      | Found a bloodstained altar of Trog.
  8859 | D:7      | Noticed a kobold demonologist
  9056 | D:7      | Reached skill level 9 in Ranged Weapons
  9117 | D:7      | Reached ** piety under Dithmenos
  9305 | D:7      | Found Meuherui's Antique Weapon Emporium.
  9415 | D:7      | Killed a kobold demonologist
  9416 | D:7      | Reached skill level 5 in Fighting
  9416 | D:7      | Reached skill level 1 in Invocations
  9546 | D:8      | Found the +6 Majin-Bo {spellvamp, MP+6 Int+6}
  9561 | D:8      | Noticed a centaur warrior
  9575 | D:6      | Slain by a wight

Illustrated notes

Levels and vault maps discovered:
D:1:      psy_arrival_basics, layout_loops_corners
D:2:      layout_rooms, serial_shops, shop, nicolae_shop_advertising_works
          [nicolae_subvault_shop_adworks], serial_bayou_lagoon_b
D:3:      layout_basic, kennysheep_okawaru_gauntlet, serial_shops,
          nicolae_shop_bloodbath_and_beyond,
          hellmonk_ecumenical_altar_pennies_from_heaven,
          gammafunk_ghost_gnarly_gnolls, grunt_decor_mini_mirrors,
          chequers_serial_rivers_small_3
D:4:      cheibrodos_pilgrimage, layout_rooms, nicolae_gozag_zags_fifth_avenue,
          nicolae_qazlal_style_of_elements, marbit_many_paths,
          chequers_temple_overflow_statue_of_worship, ebering_ghost_sewer_d,
          glass_columns_b, uniq_edmund, uniq_pikel
D:5:      layout_basic, kennysheep_orc_sif_temple, nicolae_uskayaw_en_pointe,
          mainiacjoe_overflow_six_doors_small
D:6:      due_chaos_kobolds, layout_gridville, nemelex_spade_bored_becter
D:7:      cheibrodos_shockbox, layout_rooms, trog_hazing_becter,
          minmay_temple_entry_offerings, serial_shops, nicolae_take_the_stairs,
          nrook_campfire, dk_noncrumbling_4, kennysheep_decorative_pillar,
          uniq_duvessa
D:8:      cheibrodos_elevator_heist, layout_basic, special_room
          [special_room_orc], nicolae_kite_square_tiling_tiny,
          reono_crystal_passage, grunt_ministairs_14, water_boxes_lemuel,
          uniq_maurice
Temple:   eino_wide_crystal_templ

Skill      XL: |  1  2  3  4  5  6  7  8  9 |
---------------+----------------------------+-----
Hexes          | 4 5 6 |  6.2
Spellcasting   | 2 3 4 |  4.0
Ranged Weapons | 3 4 6 7 8 9 |  9.2
Fire Magic     | 1 4 |  4.0
Stealth        | 1 3 |  3.0
Translocations | 3 4 |  4.0
Fighting       | 2 5 |  5.1
Invocations    | 1 |  1.2
Dodging        | |  2.1

Action                     |  1- 3 |  4- 6 |  7- 9 || total
---------------------------+-------+-------+-------++-------
  Melee: Dagger            |       |       |     2 ||     2
   Fire: Sling             |   170 |   375 |   305 ||   850
         Shortbow          |       |       |     6 ||     6
   Cast: Slow              |     8 |    46 |    31 ||    85
         Inner Flame       |       |       |    59 ||    59
         Portal Projectile |       |       |     4 ||     4
Ability: Hop               |     7 |     9 |    14 ||    30
    Use: Scroll            |     2 |     2 |     5 ||     9
         Potion            |       |       |     1 ||     1
 Armour: Robe              |    31 |    58 |       ||    89
         Leather armour    |       |     1 |    71 ||    72
  Dodge: Dodged            |    77 |   131 |   142 ||   350

Table legend: (Time is in decaauts)
 A = Elapsed time spent in this place.
 B = Non-inter-level travel time spent in this place.
 C = Inter-level travel time spent in this place.
 D = Time resting spent in this place.
 E = Time spent auto-exploring this place.
 F = Levels seen in this place.
 G = Mean time per level.
                   A        B        C        D        E       F      G
               +--------+--------+--------+--------+--------+-----+--------+
         Total |  11000 |  10126 |    874 |   1736 |   4704 |   9 | 1222.2 |
       Dungeon |  10924 |  10064 |    860 |   1736 |   4657 |   8 | 1365.5 |
        Temple |     76 |     62 |     14 |      0 |     46 |   1 |   76.0 |
               +--------+--------+--------+--------+--------+-----+--------+

Top non-repeatable levels by time:
     D:3: 2391 daAuts
     D:5: 1836 daAuts
     D:6: 1787 daAuts
     D:4: 1366 daAuts
     D:1: 1325 daAuts
     D:7: 1301 daAuts
     D:2: 895 daAuts
  Temple: 76 daAuts
     D:8: 21 daAuts
